Map: Jagannatha LE

Players

ViBE - Winner!

  • Race: Terran Terran
  • League: Gold
  • Spawn Location: 7:00

SomeCuck

  • Race: Terran Terran
  • League: Master
  • Spawn Location: 1:00

VOD

Have the link to the VOD?

Description

Time

  • Played on: March 26, 2021, 8:37 p.m.
  • Length: 15:32
Show
View Real Time Build Order
Export as new Build Order

ViBE Terran - Winner!

Build Orders:  

Get SALT Encoding   

  12  0:01  SCV  
  13  0:13  SCV  
  14  0:18  Supply Depot  
  14  0:27  SCV  
  15  0:39  SCV  
  16  0:42  Barracks  
  16  0:46  Refinery  
  16  0:52  SCV  
  17  1:04  SCV  
  18  1:16  SCV  
  19  1:29  Orbital Command, Marine  
  20  1:40  Command Center  
  20  1:48  Marine  
  20  1:52  Supply Depot  
  21  1:55  SCV  
  22  2:08  SCV  
  23  2:18  Factory  
  23  2:20  SCV  
  24  2:23  Barracks Reactor  
  24  2:32  SCV  
  25  2:39  Bunker  
  25  2:44  SCV  
  26  2:52  Orbital Command  
  26  2:56  SCV  
  27  3:03  Factory Tech Lab, Marine  
  27  3:04  Barracks, Marine  
  29  3:07  Refinery  
  29  3:08  SCV  
  30  3:19  SCV  
  31  3:20  SCV  
  31  3:21  Marine x2  
  31  3:22  Siege Tank  
  37  3:31  SCV  
  37  3:32  SCV  
  39  3:43  SCV  
  39  3:44  SCV, Marine x2  
  43  3:50  Supply Depot  
  43  3:52  Supply Depot  
  43  3:54  Barracks Tech Lab  
  43  3:55  Siege Tank  
  46  4:06  Starport  
  46  4:11  Marine x2  
  46  4:12  SCV x2  
  46  4:13  Supply Depot  
  50  4:20  Marine  
  50  4:22  Stimpack  
  53  4:24  SCV x2  
  53  4:26  Supply Depot  
  53  4:29  Marine x2  
  55  4:36  SCV x2  
  55  4:38  Marine  
  58  4:47  Marine x2, Command Center  
  58  4:48  SCV x2  
  58  4:51  Starport Reactor  
  62  4:55  Siege Tank  
  65  5:00  SCV x2  
  65  5:01  Supply Depot  
  65  5:02  Marine  
  65  5:05  Marine x2  
  70  5:12  SCV x2  
  72  5:15  Refinery  
  72  5:17  Refinery  
  72  5:19  Engineering Bay  
  72  5:22  Engineering Bay  
  72  5:24  SCV x2  
  68  5:30  Viking x2  
  69  5:36  SCV x2  
  69  5:42  Marine x3  
  66  5:47  Missile Turret  
  66  5:49  SCV x2, Missile Turret  
  60  6:00  Orbital Command  
  60  6:01  SCV x2  
  57  6:13  SCV x2  
  57  6:15  Marine x2  
  57  6:16  Marine  
  62  6:21  Medivac x2  
  62  6:25  SCV x2  
  68  6:37  SCV x2, Marine x3  
  68  6:39  Terran Infantry Armor Level 1, Terran Infantry Weapons Level 1  
  73  6:41  Missile Turret  
  73  6:48  Armory  
  73  6:49  SCV x2  
  75  6:57  Orbital Command  
  75  6:59  Marine x3  
  75  7:00  Medivac x2  
  82  7:01  SCV x2  
  84  7:13  SCV x2  
  84  7:14  Barracks x2  
  86  7:18  Barracks  
  86  7:23  SCV  
  86  7:25  SCV x2  
  86  7:26  Marine  
  86  7:27  Marine x2  
  92  7:34  Thor  
  92  7:35  SCV  
  99  7:37  SCV  
  99  7:38  Terran Vehicle Weapons Level 1  
  100  7:45  Marine  
  100  7:47  Combat Shield  
  101  7:54  Supply Depot  
  101  7:55  Supply Depot x2  
  101  7:58  Supply Depot  
  101  8:06  SCV x2, Marine  
  101  8:07  SCV  
  101  8:08  Marine  
  101  8:15  Barracks Reactor  
  101  8:16  Barracks Reactor x2  
  101  8:18  Viking x2  
  101  8:19  Marine  
  106  8:20  Thor  
  106  8:22  SCV x2  
  106  8:24  Marine  
  106  8:26  Marine  
  115  8:30  SCV  
  115  8:34  SCV x2  
  117  8:36  Marine  
  117  8:39  Command Center  
  115  8:42  SCV, Marine  
  115  8:44  Supply Depot  
  114  8:51  Marine x2  
  114  8:53  Viking x2  
  114  8:55  Marine x6  
  111  9:00  Marine  
  111  9:01  SCV x3  
  110  9:09  Marine x2  
  97  9:11  Thor  
  97  9:13  Marine x6  
  103  9:18  SCV  
  103  9:19  SCV x2  
  103  9:20  Marine  
  107  9:26  Medivac x2  
  107  9:27  Marine x2  
  107  9:31  Marine x2  
  114  9:34  Marine x4  
  114  9:37  Terran Infantry Armor Level 2, Terran Infantry Weapons Level 2  
  114  9:38  Marine  
  119  9:44  Marine  
  119  9:45  Marine  
  120  9:48  Marine  
  120  9:49  Marine  
  120  9:52  Marine  
  120  9:53  Missile Turret  
  120  9:55  Refinery, SCV x3  
  120  9:57  Marine x4  
  120  9:58  Thor  
  127  10:01  SCV  
  127  10:02  Marine  
  127  10:03  Marine  
  123  10:07  SCV x2  
  123  10:14  Refinery, SCV  
  127  10:15  Refinery  
  127  10:17  Planetary Fortress  
  127  10:18  Marine x7  
  127  10:19  SCV  
  127  10:20  Marine x2  
  136  10:33  SCV  
  136  10:34  SCV  
  138  10:35  Marine  
  138  10:39  Marine x4  
  138  10:40  Marine  
  144  10:47  Supply Depot  
  144  10:48  Supply Depot  
  144  10:52  Marine  
  144  10:53  Marine x3, Command Center  
  144  10:56  Marine  
  149  11:00  Thor  
  155  11:10  Medivac x2  
  159  11:20  SCV x3  
  159  11:22  SCV  
  163  11:29  Terran Vehicle Weapons Level 2  
  163  11:33  Marine x9  
  172  11:45  Viking x2  
  170  11:51  SCV x4, Marine x3, Thor  
  164  11:56  Starport, Factory  
  157  12:03  SCV x4, Barracks  
  157  12:05  Barracks  
  157  12:06  Barracks  
  154  12:09  Missile Turret  
  154  12:11  SCV  
  154  12:15  SCV x4  
  151  12:23  SCV  
  151  12:25  Marine x2  
  151  12:26  Marine x7  
  151  12:27  SCV x2  
  151  12:28  Viking x2  
  167  12:36  Missile Turret  
  167  12:39  Planetary Fortress  
  167  12:42  SCV x3  
  167  12:43  Marine  
  171  12:44  Command Center  
  171  12:46  Marine x8  
  171  12:48  Factory Tech Lab  
  171  12:49  Starport Reactor  
  179  12:53  Barracks Reactor x3  
  179  13:01  Marine, Thor  
  179  13:04  Marine  
  187  13:23  Concussive Shells, Supply Depot x2  
  187  13:24  Marine x4  
  187  13:25  Medivac x2  
  195  13:44  Marine x5  
  200  13:57  Missile Turret  
  200  13:58  Barracks, Marine x2  
  200  13:59  Marine  
  200  14:00  Barracks x3, Marine x2  
  200  14:01  Marine x3  
  200  14:02  Marine, Thor  
  185  14:17  Marine  
  185  14:18  Marine x2  
  185  14:19  Marine x12  
  185  14:20  Thor  
  185  14:21  Medivac  
  185  14:22  Medivac x3  
  190  14:28  Barracks  
  190  14:29  Barracks  
  190  14:30  Barracks x2  
  190  14:35  Marine  
  190  14:36  Marine  
  192  14:45  Thor  
  192  14:47  Marine  
  192  14:49  Barracks Tech Lab x4  
  186  15:17  Command Center  
Show
View Real Time Build Order
Export as new Build Order

SomeCuck Terran 

Build Orders: 1/1/1 

Get SALT Encoding   

  12  0:00  SCV  
  13  0:12  SCV  
  14  0:17  Supply Depot  
  14  0:25  Refinery  
  14  0:29  SCV  
  15  0:41  SCV  
  16  0:46  Barracks  
  16  0:53  SCV  
  17  1:05  SCV  
  18  1:18  SCV  
  19  1:30  SCV  
  20  1:35  Factory, Marine  
  21  1:40  Refinery  
  21  1:42  Orbital Command  
  21  1:50  Supply Depot  
  21  1:55  Marine  
  22  2:10  SCV  
  23  2:19  Starport  
  23  2:20  Factory Tech Lab  
  23  2:25  SCV  
  23  2:28  Barracks Reactor  
  24  2:37  SCV  
  25  2:49  SCV  
  26  2:55  Command Center  
  26  3:04  SCV  
  26  3:05  Fusion Core  
  27  3:07  Starport Tech Lab  
  27  3:12  Marine  
  28  3:14  Marine  
  30  3:22  SCV  
  30  3:36  SCV  
  31  4:06  Marine x2  
  31  4:07  Battlecruiser  
  31  4:09  Bunker  
  39  4:15  Supply Depot  
  39  4:18  Siege Tank  
  39  4:19  SCV  
  43  4:28  Marine x2  
  45  4:38  Orbital Command  
  45  4:42  Refinery  
  45  4:44  Refinery  
  45  4:50  Weapon Refit  
  45  4:57  SCV  
  46  5:06  Supply Depot  
  46  5:09  SCV x2  
  48  5:43  SCV x2  
  48  5:44  Battlecruiser  
  56  5:58  Siege Tank  
  54  6:11  SCV x2  
  54  6:17  Marine x2  
  57  6:23  SCV x2  
  57  6:24  Supply Depot  
  59  6:32  Siege Tank  
  62  6:34  Marine  
  62  6:35  SCV x2, Marine  
  66  6:47  SCV x2  
  66  6:50  Supply Depot  
  66  6:53  Battlecruiser  
  74  6:59  SCV x2  
  76  7:04  Marine x2  
  78  7:11  SCV, Siege Tank  
  78  7:12  SCV  
  78  7:13  Supply Depot  
  83  7:22  Marine x2  
  85  7:24  SCV x2  
  87  7:36  SCV x2  
  89  7:40  Marine x2  
  89  7:43  Siege Tank  
  94  7:48  SCV  
  95  7:57  Battlecruiser  
  101  8:16  SCV  
  102  8:31  Command Center  
  102  8:37  SCV x2  
  104  8:49  SCV x2  
  97  9:04  Marine x2  
  99  9:16  Siege Tank  
  108  9:17  Battlecruiser  
  108  9:22  Marine x2  
  110  9:42  Marine x2  
  112  9:48  Siege Tank  
  98  10:05  SCV x2  
  98  10:06  Orbital Command  
  91  10:07  Marine  
  91  10:08  Marine  
  93  10:20  Armory  
  93  10:21  SCV x2, Battlecruiser  
  100  10:24  Siege Tank  
  100  10:25  Marine x2  
  100  10:26  Orbital Command  
  106  10:35  Engineering Bay  
  106  10:43  Marine x2  
  108  10:53  SCV  
  108  10:54  SCV  
  108  10:55  SCV  
  108  10:56  Siege Tank  
  114  11:05  SCV  
  114  11:07  SCV x2  
  117  11:17  SCV  
  118  11:19  SCV  
  118  11:24  Marine  
  118  11:25  Marine  
  121  11:33  Battlecruiser  
  127  11:42  Marine x2  
  129  12:04  SCV x2  
  129  12:05  SCV  
  120  12:15  Siege Tank  
  120  12:16  Marine x2  
  120  12:21  SCV x2  
  127  12:33  Marine x2  
  127  12:35  SCV x3  
  132  12:37  Refinery  
  132  12:39  Refinery  
  132  12:41  Command Center  
  132  12:45  Supply Depot  
  132  12:46  Terran Vehicle Weapons Level 1  
  132  12:47  SCV  
  132  12:50  Supply Depot  
  133  12:54  SCV, Marine, Battlecruiser  
  141  12:59  Terran Infantry Weapons Level 1  
  141  13:04  Marine, Siege Tank  
  145  13:08  Supply Depot  
  145  13:12  Marine  
  146  13:14  Supply Depot  
  146  13:20  SCV, Command Center  
  146  13:21  SCV  
  146  13:23  Marine  
  149  13:29  Marine  
  150  13:36  Siege Tank  
  153  13:43  SCV x2, Supply Depot  
  153  13:44  Supply Depot  
  154  13:58  Battlecruiser  
  153  14:05  Supply Depot  
  153  14:08  Siege Tank  
  152  14:10  SCV x2  
  127  14:25  Marine x2  
  129  14:40  Siege Tank  
  129  14:43  Marine x2  
  133  15:01  Marine x2  
Tags
 
Matchup
TvT
Opening
1/1/1
Player
ViBE
Race
Terran
Replay Pack
Gold_League
Spawn Locations
Cross Positions
Add a new tag
Caveats
  • Supply blocks, unpowered buildings, or Contaminate may cause inaccurate times.
  • Supply counts are checked every 10 seconds.